 Dungeon Crawl Stone Soup version 0.25-a0-647-gd602d06ee1 (webtiles) character file.

Game seed: 1630047008304607988, levelgen mode: deterministic

18 MackTheKnife the Grasshopper (level 2, 0/21 HPs)
             Began as a Demonspawn Wanderer on Mar 21, 2020.
             Slain by an adder (2 damage)
             ... on level 2 of the Dungeon.
             The game lasted 00:01:28 (562 turns).

MackTheKnife the Grasshopper (Demonspawn Wanderer)   Turns: 562, Time: 00:01:29

Health: 0/21       AC:  5    Str: 15    XL:     2   Next: 48%
Magic:  3/3        EV: 10    Int: 11    God:
Gold:   76         SH:  0    Dex: 11    Spells: 2/3 levels left

rFire    + . .     SeeInvis .   a - +2 spear
rCold    . . .     Gourm    .   (no shield)
rNeg     . . .     Faith    .   j - +0 ring mail
rPois    .         Spirit   .   (no helmet)
rElec    .         Reflect  .   (no cloak)
rCorr    .         Harm     .   (no gloves)
MR       .....                  (no boots)
Stlth    +.........             (no amulet)
HPRegen  0.07/turn              c - ring of protection from fire {rF+, !d}
MPRegen  0.08/turn              (no ring)

@: lethally poisoned (0 -> -17)
A: claws 1
a: no special abilities


You were on level 2 of the Dungeon.
You were not hungry.

You visited 1 branch of the dungeon, and saw 2 of its levels.

You collected 76 gold pieces.

Inventory:

Hand Weapons
 a - a +2 spear (weapon)
Missiles
 i - 2 javelins (quivered)
Armour
 j - a +0 ring mail (worn)
   (You found it on level 1 of the Dungeon)
Jewellery
 c - a ring of protection from fire (left claw) {rF+, !d}
   (You found it on level 1 of the Dungeon)
 d - an uncursed ring of wizardry {unknown}
   (You found it on level 1 of the Dungeon)
Scrolls
 e - a scroll of random uselessness {unknown}
 g - 2 scrolls of identify {unknown}
 h - a scroll of magic mapping {unknown}
 l - a scroll of fog {unknown}
 m - a scroll of amnesia {unknown}
 n - a scroll of enchant armour {unknown}
Potions
 b - a potion of curing {unknown}
 k - a potion of lignification {unknown}
Comestibles
 f - 4 rations


   Skills:
 - Level 1.0 Fighting
 + Level 2.3 Polearms
 - Level 1.0 Throwing
 - Level 1.0 Dodging
 - Level 1.0 Spellcasting
 - Level 3.6 Translocations
   Level 1.0 Evocations


You had 2 spell levels left.
You knew the following spells:

 Your Spells              Type           Power        Failure   Level  Hunger
g - Apportation           Tloc           #.....       14%         1    ##.....

Your spell library contained the following spells:

 Spells                   Type           Power        Failure   Level  Hunger
 Corpse Rot               Necr/Air       N/A          67%         2    ###....
 Poisonous Vapours        Pois/Air       #.....       67%         2    ###....
 Gell's Gravitas          Tloc           #.........   41%         3    ####...


Dungeon Overview and Level Annotations

Branches:
Dungeon (2/15)

Altars:

Annotations:
D:2 1 runed translucent door


Innate Abilities, Weirdness & Mutations

You have sharp fingernails.


Message History

Aim: a frilled lizard You reach to attack!
You hit the frilled lizard.
You kill the frilled lizard!
No target in view!
No target in view!
You now have 52 gold pieces (gained 7).
You now have 66 gold pieces (gained 14).
There is an escape hatch in the floor here.
n - a scroll labeled YMAXIRH ZIG ERY You fall into a shaft and drop 1 floor!
The shaft crumbles and collapses.
You see here a club.
A hobgoblin comes into view. It is wielding a +0 club.
The hobgoblin shouts!
The hobgoblin moves out of view.
The hobgoblin is too close now for your liking.
Attack whom?
Aim: a hobgoblin, wielding a +0 club You reach to attack!
You closely miss the hobgoblin. You closely miss the hobgoblin.
The hobgoblin hits you with a +0 club.
You take 1 damage, and have 20/21 hp.
You hit the hobgoblin. You closely miss the hobgoblin.
The hobgoblin hits you but does no damage.
Health restored: 21 You barely miss the hobgoblin.
The hobgoblin hits you but does no damage.
You barely miss the hobgoblin. The hobgoblin barely misses you.
You hit the hobgoblin.
You kill the hobgoblin!
No target in view!
No target in view!
A rat comes into view.
A rat is nearby!
A rat is nearby!
Throwing (i - inventory)
i - 2 javelins (quivered)
Aim: a rat You throw a javelin.
The javelin pierces through the rat.
You kill the rat!
Found a stone staircase leading up.
You now have 76 gold pieces (gained 10).
i - 2 javelins (gained 1)
You see here a rat corpse.
An adder comes into view.
The adder hisses angrily.
An adder is nearby!
Attack whom?
Aim: an adder You reach to attack!
You closely miss the adder.
Your ring mail prevents you from hitting the adder.
The adder bites you but does no damage.
You barely miss the adder. The adder completely misses you.
The adder bites you.
You are poisoned.
The adder poisons you!
You take 2 damage, and have 19/21 hp.
You completely miss the adder.
You feel sick. The adder completely misses you.
You take 1 damage, and have 18/21 hp.
You miss the adder. The adder barely misses you.
You miss the adder. The adder barely misses you.
You miss the adder.
You feel sick. The adder bites you but does no damage. The adder misses you.
You take 1 damage, and have 17/21 hp.
You hit the adder. The adder bites you but does no damage.
Unknown command.
You miss the adder. The adder bites you.
You are more poisoned.
The adder poisons you!
You take 1 damage, and have 16/21 hp.
You closely miss the adder.
You feel sick.
The adder bites you but does no damage. x2
You take 1 damage, and have 15/21 hp.
You closely miss the adder. The adder barely misses you.
You miss the adder. The adder barely misses you.
You closely miss the adder.
You feel sick. The adder bites you.
You are more poisoned.
The adder poisons you!
You take 4 damage, and have 12/21 hp.
You hit the adder. The adder bites you.
You are more poisoned.
The adder poisons you! The adder bites you.
* * * LOW HITPOINT WARNING * * *
You are more poisoned.
The adder poisons you!
You take 6 damage, and have 6/21 hp.
MASSIVE DAMAGE!!
You closely miss the adder.
* * * LOW HITPOINT WARNING * * *
You feel sick. The adder barely misses you.
You take 2 damage, and have 4/21 hp.
Unknown command.
You hit the adder but do no damage.
* * * LOW HITPOINT WARNING * * *
You feel sick. The adder closely misses you.
You take 1 damage, and have 3/21 hp.
Unknown command.
You barely miss the adder.
* * * LOW HITPOINT WARNING * * *
You feel sick. The adder misses you. The adder bites you.
You die...

#....#
####.#######.###
#..).........#
#..#######.#.# #..#
##### #.# #..# #...
#.# #..###.#####.#
#...)......#.########
#..........†.@.......
######.###..##S......
#.# #..# ..####. #.#
#..# ..# #.# #..# ..#
#.# #..# ..# ... ....
..# ### #..< .##


You could see an adder.

Vanquished Creatures
  A giant cockroach (D:1)
  7 goblins (D:1)
  A hobgoblin (D:2)
  2 jackals (D:1)
  A kobold (D:1)
  A bat (D:1)
  A frilled lizard (D:1)
  2 rats
16 creatures vanquished.

Notes
Turn   | Place    | Note
-------+----------+-------------------------------------------
     0 | D:1      | MackTheKnife the Demonspawn Wanderer began the quest for
                  | the Orb.
     0 | D:1      | MackTheKnife set off with the following items: a +2 spear,
                  | a +0 robe, a ration; and the following spell memorised:
                  | Apportation; and the following spells available to
                  | memorise: Gell's Gravitas, Corpse Rot, Poisonous Vapours
     0 | D:1      | Reached XP level 1. HP: 15/15 MP: 2/2
   380 | D:1      | Reached skill level 2 in Polearms
   380 | D:1      | Gained mutation: You have sharp fingernails. [demonic
                  | ancestry]
   380 | D:1      | Reached XP level 2. HP: 19/21 MP: 3/3
   499 | D:1      | You fall into a shaft and drop 1 floor!
   501 | D:2      | Found a runed translucent door.
   560 | D:2      | HP: 4/21 [poisoned by an adder]
   562 | D:2      | Slain by an adder

Levels and vault maps discovered:
D:1:      dpeg_arrival_morbid_curiosity, layout_loops_ring, patterned_corridor
D:2:      layout_loops_ring, nicolae_tso_carved_into_rock,
          chequers_ecumenical_altar_grove, minmay_tiny_reverse_x,
          uniq_crazy_yiuf_cottage

Skill      XL: |  1 |
---------------+----+-----
Polearms       | 2 |  2.3
Fighting       | |  1.0
Throwing       | |  1.0
Dodging        | |  1.0
Spellcasting   | |  1.0
Translocations | |  3.6
Evocations     | |  1.0

Action                   || total
-------------------------++-------
Melee: Spear             ||    55
Throw: Javelin           ||     3
 Stab: Sleeping          ||     1
Armor: Ring mail         ||     8
       Robe              ||     1
Dodge: Dodged            ||    26

Table legend:
 A = Non-vault XP
 B = Vault XP
 C = Vault XP percentage of total XP
 D = Non-vault monster count
 E = Vault monster count
 F = Vault count percentage of total count
                 A         B        C        D         E       F
            +---------+---------+-------+---------+---------+-------
      Total |      22 |       4 |  15.4 |      14 |       2 |  12.5
            +---------+---------+-------+---------+---------+-------
        D:1 |      19 |       4 |  17.4 |      12 |       2 |  14.3
        D:2 |       3 |       0 |   0.0 |       2 |       0 |   0.0
            +---------+---------+-------+---------+---------+-------

Levels and vault maps discovered:
D:1:      dpeg_arrival_morbid_curiosity, layout_loops_ring, patterned_corridor
D:2:      layout_loops_ring, nicolae_tso_carved_into_rock,
          chequers_ecumenical_altar_grove, minmay_tiny_reverse_x,
          uniq_crazy_yiuf_cottage

Table legend:
 A = Turns spent in this place as a percentage of turns spent in the entire game.
 B = Non-inter-level travel turns spent in this place as a percentage of non-inter-level travel turns spent in the entire game.
 C = Inter-level travel turns spent in this place as a percentage of turns spent in this place.
 D = Turns resting spent in this place as a percentage of non-inter-level travel turns spent in this place.
 E = Turns spent auto-exploring this place as a percentage of non-inter-level travel turns spent in this place.
 F = Non-inter-level travel turns spent in this place divided by the number of levels of this place that you've seen.
                   A       B       C       D       E      F
               +-------+-------+-------+-------+-------+----------------------
         Total | 100.0 | 100.0 |   0.0 |   0.0 |  75.8 | 281.0
       Dungeon | 100.0 | 100.0 |   0.0 |   0.0 |  75.8 | 281.0
               +-------+-------+-------+-------+-------+----------------------

Table legend:
 A = Kills in this place as a percentage of kills in entire the game.
 B = Kills by you in this place as a percentage of kills by you in the entire game.
 C = Kills by friends in this place as a percentage of kills by friends in the entire game.
 D = Other kills in this place as a percentage of other kills in the entire game.
 E = Experience gained in this place as a percentage of experience gained in the entire game.
 F = Experience gained in this place divided by the number of levels of this place that you have seen.
                   A       B       C       D       E      F
               +-------+-------+-------+-------+-------+----------------------
         Total | 100.0 | 100.0 |   N/A |   N/A | 100.0 |  13.0
       Dungeon | 100.0 | 100.0 |   N/A |   N/A | 100.0 |  13.0
               +-------+-------+-------+-------+-------+----------------------
